 Dungeon Crawl Stone Soup version 0.28-a0-1506-g3893175d92 (webtiles) character file.

Game seed: 5196585830132684108

2 lunkers the Sneak (level 1, -2/17 HPs)
             Began as a Vampire Delver on Jan 13, 2022.
             Slain by a water moccasin (5 damage)
             ... on level 7 of the Dungeon.
             The game lasted 00:01:00 (170 turns).

lunkers the Sneak (Vampire Delver)                   Turns: 170, Time: 00:01:01

Health: -2/17      AC:  3    Str: 11    XL:     1   Next: 25%
Magic:  1/1        EV: 12    Int: 12    God:
Gold:   0          SH:  0    Dex: 15    Spells: 0/0 levels left

rFire   . . .      SeeInvis +   a - +0 short sword
rCold   . . .      Faith    .   (no shield)
rNeg    . . .      Spirit   .   b - +0 leather armour
rPois   .          Reflect  .   (no helmet)
rElec   .          Harm     .   (no cloak)
rCorr   .          Rampage  .   (no gloves)
Will    .....                   (no boots)
Stlth   +++.......              (no amulet)
HPRegen 0.25/turn               (no ring)
MPRegen 0.07/turn               (no ring)

@: healing quickly
A: alive, fangs 3, see invisible, vampiric 1
a: Exsanguinate


You were on level 7 of the Dungeon.
You visited 1 branch of the dungeon, and saw 3 of its levels.

Inventory:

Hand Weapons
 a - a +0 short sword (weapon)
Armour
 b - a +0 leather armour (worn)
Wands
 g - a wand of digging (3)
Scrolls
 c - a scroll of fog
 d - a scroll of magic mapping
 e - a scroll of fear
Potions
 f - a potion of haste


   Skills:
 - Level 2.6 Fighting
 + Level 2.3 Short Blades
 - Level 2.1 Dodging
 + Level 7.3 Stealth


You couldn't memorise any spells.
You didn't know any spells.
Your spell library was empty.

Dungeon Overview and Level Annotations

Branches:
Dungeon (7/15)
 Temple: D:4-7

Altars:


Innate Abilities, Weirdness & Mutations

Your natural rate of healing is accelerated.
You have razor-sharp teeth.
You have supernaturally acute eyesight. (SInv)
You are afflicted with vampirism.


Message History

An orc priest comes into view. It is wielding a +0 flail.
The orc wizard shouts!
The orc shouts!
The orc priest shouts!
You hear a shout!
Found a scroll labelled QOH GED VUBU.
The orc wizard points at you and mumbles some strange words.
You resist with significant effort.
There is a stone staircase leading down here.
You climb downwards.
There is a stone staircase leading up here.
The helpless orc fails to defend itself.
You impale the orc!!
You kill the orc!
A bullfrog zombie and an ogre come into view.
Found a stone staircase leading down.
A water moccasin comes into view.
The water moccasin hisses angrily.
Found 18 sling bullets.
The water moccasin completely misses you.
You closely miss the water moccasin. The water moccasin closely misses you.
You hit the water moccasin.
The water moccasin is lightly wounded.
The water moccasin barely misses you.
You hit the water moccasin.
The water moccasin is moderately wounded.
The water moccasin misses you. The water moccasin bites you.
You hit the water moccasin.
The water moccasin is moderately wounded.
The water moccasin closely misses you.
You hit the water moccasin.
The water moccasin is moderately wounded.
The water moccasin closely misses you. The water moccasin bites you.
* * * LOW HITPOINT WARNING * * *
You miss the water moccasin. You punch the water moccasin.
The water moccasin is heavily wounded.
The water moccasin bites you.
* * * LOW HITPOINT WARNING * * *
Okay, then.
You hit the water moccasin. Your bite misses the water moccasin.
The water moccasin is heavily wounded.
The water moccasin bites you.
You die...

...... #.... ......
...#.# ##....##....#
#.........#.+
............#
...............#.##+
.....................
..............@.##.#.#.
........#...##S........
........#.# #....##.#.
..........####....(#
..................##
.................#
..#.................
##....###....##...
#...## ###.## ...


You could see a water moccasin.

Vanquished Creatures
  An orc (D:7)
1 creature vanquished.

Notes
Turn   | Place    | Note
-------+----------+-------------------------------------------
     0 | D:5      | lunkers the Vampire Delver began the quest for the Orb.
     0 | D:5      | Reached XP level 1. HP: 17/17 MP: 1/1
    88 | D:6      | Noticed a necrophage
   129 | D:6      | Noticed an orc wizard
   130 | D:6      | Noticed an orc priest
   135 | D:7      | Noticed a hound
   142 | D:7      | Noticed an ogre
   154 | D:7      | Noticed a water moccasin
   170 | D:7      | Slain by a water moccasin

Illustrated notes

Levels and vault maps discovered:
D:5:      layout_basic, vehumet_statue, mainiacjoe_overflow_brackets,
          mainiacjoe_overflow_six_doors_small, minivault_19
D:6:      layout_loops_ring, nicolae_elyvilon_peaceful_grove, tso_altar,
          kennysheep_generic_room_11
D:7:      layout_cave_pools, nicolae_stop_n_shop_1, minmay_misc_feat_doors,
          grunt_ministairs_5, kennysheep_generic_room_3

Action                   || total
-------------------------++-------
Melee: Short sword       ||     8
       Punch             ||     1
 Stab: Sleeping          ||     1
Dodge: Dodged            ||     6

Table legend: (Time is in decaauts)
 A = Elapsed time spent in this place.
 B = Non-inter-level travel time spent in this place.
 C = Inter-level travel time spent in this place.
 D = Time resting spent in this place.
 E = Time spent auto-exploring this place.
 F = Levels seen in this place.
 G = Mean time per level.
                   A        B        C        D        E       F      G
               +--------+--------+--------+--------+--------+-----+--------+
         Total |    169 |    169 |      0 |      0 |     53 |   3 |   56.3 |
       Dungeon |    169 |    169 |      0 |      0 |     53 |   3 |   56.3 |
               +--------+--------+--------+--------+--------+-----+--------+

Top non-repeatable levels by time:
     D:5: 69 daAuts
     D:6: 65 daAuts
     D:7: 34 daAuts
